Map: Forteresse de fer EC

Players

Beesuit

  • Race: Protoss Protoss

AgCl - Winner!

  • Race: Protoss Protoss

VOD

Have the link to the VOD?

Description

Time

  • Played on: May 9, 2015, 7:56 p.m.
  • Length: 13:14
Show
View Real Time Build Order
Export as new Build Order

Beesuit Protoss 

Build Orders:  

Get SALT Encoding   

  12  0:01  Probe  
  13  0:14  Pylon  
  13  0:17  Probe  
  14  0:33  Probe (Chrono Boost)  
  15  0:42  Gateway  
  15  0:43  Assimilator  
  15  0:44  Probe (Chrono Boost)  
  16  0:52  Probe  
  16  0:55  Pylon  
  17  1:04  Probe  
  17  1:10  Gateway  
  18  1:16  Probe (Chrono Boost)  
  19  1:29  Probe (Chrono Boost)  
  19  1:30  Cybernetics Core  
  20  1:36  Probe (Chrono Boost)  
  21  1:49  Gateway  
  21  1:51  Probe (Chrono Boost)  
  21  2:01  Assimilator  
  21  2:03  Probe (Chrono Boost), Pylon  
  22  2:11  Adept (Chrono Boost)  
  22  2:14  Warp Gate (Chrono Boost)  
  26  2:15  Adept (Chrono Boost)  
  26  2:17  Probe  
  27  2:29  Probe  
  28  2:41  Probe (Chrono Boost)  
  29  2:50  Stalker  
  33  2:51  Mothership Core (Chrono Boost)  
  33  3:05  Nexus  
  33  3:37  Forge  
  33  3:39  Probe  
  34  3:45  Pylon  
  34  3:51  Probe  
  35  3:57  Robotics Facility  
  35  4:03  Probe  
  36  4:16  Probe  
  37  4:19  Stalker x3  
  41  4:28  Probe  
  32  4:41  Protoss Ground Weapons Level 1 (Chrono Boost)  
  32  4:44  Probe x2  
  34  4:56  Probe x2  
  36  5:08  Probe  
  37  5:20  Probe x2  
  37  5:22  Assimilator  
  37  5:24  Assimilator  
  37  5:25  Observer (Chrono Boost)  
  38  5:32  Probe x2 (Chrono Boost)  
  38  5:33  Gateway  
  38  5:35  Photon Cannon  
  40  5:36  Gateway  
  40  5:39  Pylon  
  40  5:44  Probe x2 (Chrono Boost)  
  40  5:46  Pylon  
  42  5:52  Probe x2 (Chrono Boost)  
  42  5:54  Observer (Chrono Boost)  
  43  6:01  Probe  
  43  6:03  Probe  
  43  6:13  Robotics Bay  
  43  6:15  Probe (Chrono Boost)  
  43  6:16  Probe (Chrono Boost), Warp Prism (Chrono Boost)  
  45  6:25  Protoss Ground Armor Level 1 (Chrono Boost)  
  49  6:27  Probe (Chrono Boost)  
  49  6:29  Probe (Chrono Boost)  
  49  6:38  Photon Cannon  
  49  6:43  Pylon  
  51  7:09  Disruptor (Chrono Boost)  
  51  7:15  Stalker x5  
  61  7:27  Probe x2  
  63  7:39  Probe  
  63  7:40  Stalker x2  
  68  7:53  Disruptor, Pylon  
  68  7:54  Probe x2  
  70  8:06  Probe  
  70  8:11  Nexus  
  71  8:23  Zealot x3  
  74  8:37  Observer (Chrono Boost)  
  62  9:08  Stalker x5  
  68  9:17  Probe x2  
  74  9:18  Disruptor (Chrono Boost)  
  74  9:24  Twilight Council  
  74  9:29  Probe x2  
  76  9:56  Pylon  
  74  10:02  Protoss Ground Weapons Level 2  
  74  10:03  Observer (Chrono Boost)  
  74  10:12  Blink (Chrono Boost)  
  74  10:16  Stalker x2  
  74  10:17  Stalker x3  
  74  10:18  Warp Prism (Chrono Boost)  
  86  10:21  Probe (Chrono Boost)  
  86  10:22  Probe x2 (Chrono Boost)  
  86  10:28  Pylon  
  89  10:32  Probe x3 (Chrono Boost)  
  90  10:38  Probe  
  86  10:52  Probe x3  
  88  10:58  Stalker x5  
  98  11:04  Probe x2  
  100  11:19  Pylon  
  100  11:21  Zealot x2  
  100  11:22  Zealot x3  
  110  11:26  Probe x2  
  110  11:27  Probe  
  113  11:38  Probe  
  113  11:39  Probe x2  
  116  11:42  Stalker x3  
  105  11:59  Observer (Chrono Boost)  
  104  12:07  Stalker x2  
  104  12:08  Stalker x3  
  108  12:11  Probe  
  108  12:12  Probe  
  108  12:15  Photon Cannon  
  111  12:16  Observer (Chrono Boost)  
  111  12:17  Assimilator  
  111  12:20  Photon Cannon  
  111  12:22  Assimilator  
  107  12:56  Nexus  
Show
View Real Time Build Order
Export as new Build Order

AgCl Protoss - Winner!

Build Orders: Oracle Opening, Oracle Opening 

Get SALT Encoding   

  13  0:12  Pylon  
  12  0:34  Gateway  
  13  0:35  Probe  
  13  0:36  Assimilator  
  13  0:47  Probe  
  14  0:57  Pylon  
  14  1:00  Probe (Chrono Boost)  
  16  1:12  Probe (Chrono Boost)  
  17  1:18  Probe (Chrono Boost)  
  17  1:29  Probe (Chrono Boost)  
  17  1:31  Cybernetics Core, Zealot  
  20  1:37  Probe (Chrono Boost)  
  21  1:41  Assimilator  
  21  1:47  Probe (Chrono Boost)  
  22  1:58  Probe (Chrono Boost)  
  23  2:04  Probe  
  24  2:11  Warp Gate  
  24  2:18  Mothership Core (Chrono Boost)  
  26  2:32  Probe (Chrono Boost)  
  26  2:36  Stargate  
  27  2:44  Probe  
  28  2:49  Stalker (Chrono Boost)  
  30  2:53  Gateway  
  30  2:55  Pylon  
  30  3:04  Probe  
  29  3:16  Gateway  
  29  3:18  Oracle (Chrono Boost)  
  32  3:41  Probe  
  33  3:55  Nexus  
  33  3:59  Pylon  
  33  4:06  Pylon  
  33  4:07  Robotics Facility  
  33  4:08  Probe  
  33  4:20  Probe  
  34  4:42  Probe (Chrono Boost)  
  33  4:49  Stalker  
  34  4:53  Probe (Chrono Boost)  
  33  5:04  Probe  
  34  5:20  Probe (Chrono Boost)  
  34  5:27  Probe (Chrono Boost)  
  35  5:32  Probe (Chrono Boost)  
  35  5:35  Assimilator  
  36  5:38  Assimilator  
  36  5:40  Probe x2 (Chrono Boost)  
  38  5:45  Twilight Council  
  38  5:49  Probe x2 (Chrono Boost)  
  40  5:51  Forge  
  42  5:58  Probe (Chrono Boost)  
  42  5:59  Probe (Chrono Boost)  
  42  6:05  Probe (Chrono Boost)  
  42  6:09  Pylon  
  42  6:10  Observer  
  45  6:12  Probe (Chrono Boost)  
  45  6:14  Probe (Chrono Boost)  
  46  6:18  Probe (Chrono Boost)  
  46  6:21  Charge (Chrono Boost)  
  48  6:27  Probe (Chrono Boost), Photon Cannon  
  48  6:30  Probe (Chrono Boost), Warp Prism  
  48  6:31  Dark Shrine, Protoss Ground Weapons Level 1  
  51  6:37  Probe (Chrono Boost)  
  53  6:41  Probe (Chrono Boost)  
  53  6:45  Probe (Chrono Boost)  
  54  6:50  Probe (Chrono Boost)  
  54  6:51  Probe (Chrono Boost)  
  56  7:00  Probe  
  57  7:03  Probe  
  55  7:08  Phoenix (Chrono Boost)  
  55  7:12  Probe  
  55  7:15  Probe, Pylon  
  59  7:19  Photon Cannon  
  59  7:23  Photon Cannon  
  59  7:24  Probe  
  59  7:26  Phoenix (Chrono Boost)  
  59  7:27  Probe  
  66  7:44  Phoenix (Chrono Boost)  
  65  7:54  Nexus  
  65  7:55  Observer  
  65  7:58  Pylon  
  66  8:00  Protoss Air Weapons Level 1 (Chrono Boost)  
  66  8:03  Phoenix (Chrono Boost)  
  68  8:07  Fleet Beacon  
  68  8:08  Probe  
  68  8:10  Probe  
  70  8:15  Dark Templar x2  
  70  8:16  Dark Templar  
  63  8:45  Dark Templar x3  
  69  9:01  Photon Cannon  
  69  9:03  Probe (Chrono Boost), Assimilator  
  69  9:07  Assimilator  
  69  9:09  Pylon  
  66  9:14  Mothership Core (Chrono Boost)  
  68  9:19  Gateway  
  68  9:21  Gateway  
  68  9:24  Gateway, Dark Templar  
  68  9:25  Dark Templar  
  68  9:27  Pylon  
  68  9:28  Archon x3  
  72  9:43  Dark Templar  
  74  9:52  Nexus  
  75  10:18  Probe (Chrono Boost)  
  75  10:21  Probe (Chrono Boost), Protoss Air Weapons Level 2 (Chrono Boost)  
  76  10:22  Protoss Ground Weapons Level 2 (Chrono Boost)  
  76  11:08  Nexus  
  76  11:11  Gateway, Assimilator  
  76  11:13  Pylon  
  76  11:14  Gateway, Pylon  
  76  11:15  Assimilator  
  76  11:16  Pylon  
  76  11:17  Stargate  
  74  11:19  Dark Templar x2  
  78  11:31  Dark Templar x2  
  78  11:32  Dark Templar  
  82  11:37  Dark Templar  
  61  12:03  Phoenix (Chrono Boost)  
  63  12:21  Phoenix  
  65  12:47  Phoenix (Chrono Boost)  
  65  12:54  Phoenix (Chrono Boost)  
  71  13:04  Gateway  
Tags
 
Add a new tag
Caveats
  • Supply blocks, unpowered buildings, or Contaminate may cause inaccurate times.
  • Supply counts are checked every 10 seconds.